 Dungeon Crawl Stone Soup version 0.23.0-3-gf3c87f2 (webtiles) character file.

Game seed: 10886079731365741364

19877 MovingMist the Basher (level 12, -1/114 HPs)
             Began as a Gargoyle Fighter on Feb 21, 2019.
             Was a High Priest of Okawaru.
             Slain by a komodo dragon (11 damage)
             ... on level 2 of the Lair of Beasts.
             The game lasted 00:33:59 (10954 turns).

MovingMist the Basher (Gargoyle Fighter)           Turns: 10954, Time: 00:33:59

Health: -1/114     AC: 26    Str: 23    XL:     12   Next: 73%
Magic:  12/12      EV:  2    Int:  9    God:    Okawaru [*****.]
Gold:   869        SH: 16    Dex: 11    Spells: 11/11 levels left

rFire    + . .     SeeInvis .   Q - +0 demon whip (flame)
rCold    . . .     Gourm    .   R - +1 large shield {rF+}
rNeg     + + +     Faith    .   (armour currently unavailable)
rPois    ∞         Spirit   .   (helmet currently unavailable)
rElec    .         Reflect  .   (cloak currently unavailable)
rCorr    .         Harm     .   (gloves currently unavailable)
MR       .....     NoTele   +   (boots currently unavailable)
Stlth    +.........             x - amulet of regeneration
HPRegen  0.69/turn              (no ring)
MPRegen  0.13/turn              (no ring)

@: tree-form
A: negative energy resistance 1, petrification resistance, rot immunity, AC +8
a: Heroism, Finesse, Renounce Religion


You were on level 2 of the Lair of Beasts.
You worshipped Okawaru.
Okawaru was extremely pleased with you.
You were not hungry.
You were a tree.
You visited 3 branches of the dungeon, and saw 13 of its levels.
You also visited: Ossuary and Volcano.

You collected 869 gold pieces.

Inventory:

Hand Weapons
 y - a +1 mace of protection
 C - a +2 flail of crushing
 M - a +1 longbow of flaming
 P - the +6 broad axe "Wijus" {chop, rN+ Str-2 Dex+5}
   (You found it on level 10 of the Dungeon)

   It inflicts extra damage upon your enemies.
   It affects your strength (-2).
   It affects your dexterity (+5).
   It protects you from negative energy.
 Q - a +0 demon whip of flaming (weapon)
Armour
 g - a +1 plate armour (melded)
 h - a +0 pair of gloves (melded)
 E - a +1 hat (melded)
 L - a +1 pair of boots (melded)
 R - a +1 large shield of fire resistance (worn)
Jewellery
 e - an uncursed ring of magical power
 o - an uncursed ring of flight
 x - an amulet of regeneration (around neck)
Wands
 v - a wand of enslavement (14)
 w - a wand of paralysis (11)
 F - a wand of polymorph (10)
 I - a wand of acid (9)
 K - a wand of digging (7)
Scrolls
 a - 3 scrolls of enchant weapon {unknown}
 i - 6 scrolls of amnesia {unknown}
 k - 7 scrolls of remove curse
 q - 2 scrolls of fear {unknown}
 r - 3 scrolls of identify
 s - a scroll of noise {unknown}
 t - 5 scrolls of teleportation {unknown}
 u - a scroll of vulnerability {unknown}
 A - 2 scrolls of fog {unknown}
 D - 2 scrolls of blinking {unknown}
 H - 3 scrolls of brand weapon {unknown}
 N - a scroll of magic mapping
Potions
 b - 2 potions of lignification
 d - a potion of might
 j - 5 potions of agility
 l - 3 potions of brilliance
 m - 2 potions of flight
 n - a potion of magic
 p - 2 potions of resistance
 z - a potion of heal wounds
 B - 2 potions of curing
 G - a potion of invisibility
 J - 3 potions of haste
 S - a potion of berserk rage
Comestibles
 f - 29 rations


   Skills:
 + Level 9.6 Fighting
 - Level 2.3(7.4) Axes
 - Level 11.8(12.0) Maces & Flails
 - Level 11.2 Armour
 - Level 8.7 Dodging
 + Level 5.1 Shields


You had 11 spell levels left.
You didn't know any spells.
Your spell library was empty.

Dungeon Overview and Level Annotations

Branches:
Dungeon (10/15)            Temple (1/1) D:5            Lair (2/6) D:9
    Orc (0/2) D:9
  Swamp: Lair:2-4    Shoals: Lair:2-4     Snake: Lair:2-4    Spider: Lair:2-4

Altars:
Ashenzari
Cheibriados
Elyvilon
Fedhas
Gozag
Hepliaklqana
Kikubaaqudgha
Makhleb
Nemelex Xobeh
Okawaru
Qazlal
Ru
Sif Muna
Trog
Uskayaw
Vehumet
Wu Jian
Xom
Yredelemnul
Zin
The Shining One


Innate Abilities, Weirdness & Mutations

You are resistant to torment.
((Your stone body is resilient. (AC +8)))
You are immune to poison.
You resist negative energy. (rN+)
((You are resistant to electric shocks. (rElec)))
((You can survive without breathing.))
You are immune to petrification.
You are immune to rotting.


Message History

The blink frog blinks!
You block the bullfrog's attack.
The crocodile bites you but does no damage.
The iguana bites you but does no damage.
The iguana barely misses you.
You whack the komodo dragon! You burn the komodo dragon.
The komodo dragon is severely wounded.
The blink frog blinks!
You block the komodo dragon's attack. The komodo dragon bites you!!
* * * LOW HITPOINT WARNING * * *
You block the komodo dragon's attack. You block the bullfrog's attack.
You barely miss the komodo dragon.
The komodo dragon is severely wounded.
You block the iguana's attack.
The iguana bites you but does no damage.
You block the crocodile's attack.
The iguana bites you but does no damage.
The bullfrog hits you but does no damage.
The komodo dragon bites you but does no damage.
The komodo dragon bites you!
You die... #<.^.#### ##....#.## ##.§..#.# #.....[## ##.P....## ####....## #..F.§## ##PFlll##

###F♣l.##
#llt..#.#
##F§...#
#.#....>.P
##.........
#.#......
###.##.P.
## P## #


You could see 3 komodo dragons, 3 blink frogs, a crocodile, a bullfrog and 3
iguanas.

Vanquished Creatures
  A red draconian (Volcano)
  Harold (D:7)
  A centaur warrior (Volcano)
  3 two-headed ogres
  Erica (D:10)
  Urug (D:10)
  An ugly thing (D:10)
  Joseph (D:7)
  2 molten gargoyles (Volcano)
  A black mamba (Lair:1)
  A komodo dragon (Lair:1)
  A rime drake (Lair:2)
  2 spiny frogs (Lair:2)
  2 yaktaurs (Volcano)
  A redback zombie (D:10)
  A troll (D:9)
  A hornet (D:9)
  2 blink frogs (Lair:2)
  2 hippogriffs (D:8)
  A tarantella (Lair:2)
  12 yaks
  A human (D:8)
  A steam dragon (D:10)
  3 hogs (D:8)
  4 fire bats (Volcano)
  3 wargs (D:9)
  2 hell hounds (Lair:1)
  A water moccasin (Lair:2)
  3 orc warriors
  A porcupine (Lair:2)
  An eye of draining (D:10)
  An ice beast (D:9)
  3 phantoms
  A necrophage (D:8)
  5 ogres
  6 centaurs
  2 big kobolds (D:8)
  9 bullfrogs
  2 elf zombies (Ossuary)
  A water moccasin skeleton (D:7)
  5 scorpions
  19 killer bees
  An electric eel (Lair:1)
  3 howler monkeys (D:7)
  2 centaur zombies
  A bullfrog zombie (D:5)
  4 lava snakes (Volcano)
  4 crimson imps
  9 orc wizards
  7 jellies
  A quasit (D:7)
  10 orc priests
  2 bullfrog skeletons
  4 hounds
  Natasha (thrice) (D:2)
  Terence (D:2)
  2 iguanas (D:7)
  10 worker ants
  A killer bee zombie (D:6)
  A big kobold zombie (Ossuary)
  2 hound skeletons
  2 mummies (Ossuary)
  A worker ant zombie (D:7)
  2 howler monkey zombies
  15 adders
  A shadow imp (D:7)
  An ooze (D:3)
  3 adder zombies
  2 adder skeletons
  4 worms
  A dart slug (D:3)
  4 leopard geckos
  34 orcs
  9 giant cockroaches
  2 gnoll zombies (D:5)
  4 goblins
  4 hobgoblins
  13 kobolds
  3 quokkas
  2 ball pythons
  7 bats
  4 frilled lizards
  8 hobgoblin zombies (Ossuary)
  3 jackal zombies (Ossuary)
  11 kobold zombies (Ossuary)
  6 orc zombies (Ossuary)
  6 rats
  4 rat zombies (Ossuary)
  A bush (D:2)
338 creatures vanquished.

Vanquished Creatures (others)
  2 plants (Lair:2)
2 creatures vanquished.

Grand Total: 340 creatures vanquished

Notes
Turn   | Place    | Note
-------+----------+-------------------------------------------
     0 | D:1      | MovingMist the Gargoyle Fighter began the quest for the
                  | Orb.
     0 | D:1      | Reached XP level 1. HP: 14/14 MP: 1/1
   177 | D:1      | Reached XP level 2. HP: 18/19 MP: 2/2
   628 | D:2      | Reached XP level 3. HP: 24/24 MP: 3/3
   715 | D:2      | Noticed Terence
   730 | D:2      | Killed Terence
   730 | D:2      | Reached XP level 4. HP: 30/30 MP: 4/4
  1087 | D:2      | Noticed Natasha
  1096 | D:2      | Killed Natasha
  1236 | D:2      | Noticed Natasha
  1241 | D:2      | Killed Natasha
  1241 | D:2      | Reached skill level 5 in Fighting
  1241 | D:2      | Reached XP level 5. HP: 31/35 MP: 5/5
  1247 | D:2      | Noticed Natasha
  1268 | D:2      | Killed Natasha
  1641 | D:3      | Found a shimmering altar of Xom.
  1643 | D:3      | Found a shimmering altar of Xom.
  1643 | D:3      | Found a shimmering altar of Xom.
  1652 | D:3      | Found a shimmering altar of Xom.
  1999 | D:4      | Reached XP level 6. HP: 36/40 MP: 6/6
  2589 | D:4      | Reached skill level 5 in Armour
  2601 | D:4      | Reached XP level 7. HP: 13/47 MP: 7/7
  3275 | D:5      | Entered Level 5 of the Dungeon
  3334 | D:5      | Reached skill level 1 in Dodging
  3495 | D:5      | Reached XP level 8. HP: 51/53 MP: 8/8
  3646 | D:5      | Found a basalt altar of Yredelemnul.
  4035 | D:5      | Found a staircase to the Ecumenical Temple.
  4064 | D:5      | Reached skill level 5 in Maces & Flails
  4074 | Temple   | Entered the Ecumenical Temple
  4096 | Temple   | Became a worshipper of Warmaster Okawaru
  4263 | D:5      | Found a glowing golden altar of the Shining One.
  4760 | D:6      | Reached * piety under Okawaru
  4804 | D:5      | Reached XP level 9. HP: 9/57 MP: 9/9
  4951 | D:6      | Found a sand-covered staircase.
  4972 | Ossuary  | Entered an ossuary
  5155 | Ossuary  | Reached skill level 5 in Dodging
  5410 | D:6      | Found a stormy altar of Qazlal.
  5726 | D:7      | Noticed Joseph
  5762 | D:7      | Killed Joseph
  5762 | D:7      | Reached ** piety under Okawaru
  5954 | D:7      | Noticed Harold
  6081 | D:7      | Killed Harold
  6081 | D:7      | Reached *** piety under Okawaru
  6081 | D:7      | Reached XP level 10. HP: 18/63 MP: 7/10
  6421 | D:7      | Found a snail-covered altar of Cheibriados.
  6421 | D:7      | Found a bloodstained altar of Trog.
  6817 | D:8      | Found an ancient bone altar of Kikubaaqudgha.
  6959 | D:8      | Reached **** piety under Okawaru
  7214 | D:8      | Found an iron altar of Okawaru.
  7308 | D:8      | Noticed a two-headed ogre
  7323 | D:8      | Killed a two-headed ogre
  7323 | D:8      | Reached ***** piety under Okawaru
  7323 | D:8      | Reached XP level 11. HP: 58/67 MP: 11/11
  7435 | D:8      | Found a sparkling altar of Nemelex Xobeh.
  7566 | D:8      | Reached skill level 10 in Armour
  7735 | D:9      | Found a hide-covered altar of Uskayaw.
  7736 | D:9      | Found an opulent altar of Gozag.
  7853 | D:9      | Found a staircase to the Lair.
  8218 | D:9      | Found a staircase to the Orcish Mines.
  8449 | D:10     | Entered Level 10 of the Dungeon
  8489 | D:10     | Noticed a red ugly thing
  8495 | D:10     | Received a gift from Okawaru
  8533 | D:10     | Killed a red ugly thing
  8545 | D:10     | Reached skill level 10 in Maces & Flails
  8639 | D:10     | Got a pitted broad axe
  8641 | D:10     | Identified the +6 broad axe "Wijus" {chop, rN+ Str-2 Dex+5}
                  | (You found it on level 10 of the Dungeon)
  8654 | D:10     | Noticed Urug
  8654 | D:10     | Noticed a two-headed ogre
  8662 | D:10     | Killed a two-headed ogre
  8662 | D:10     | Reached skill level 1 in Axes
  8667 | D:10     | Killed Urug
  8667 | D:10     | Received a gift from Okawaru
  8912 | D:10     | Noticed a two-headed ogre
  8926 | D:10     | Killed a two-headed ogre
  8941 | D:10     | Noticed Erica
  9028 | D:10     | Killed Erica
  9299 | D:10     | Reached XP level 12. HP: 73/73 MP: 12/12
  9384 | Lair:1   | Entered Level 1 of the Lair of Beasts
  9614 | Lair:1   | Found a dark tunnel.
  9649 | Volcano  | Entered a volcano
  9924 | Volcano  | Received a gift from Okawaru
  9934 | Volcano  | Found a radiant altar of Vehumet.
  9934 | Volcano  | Noticed a centaur warrior
  9959 | Volcano  | HP: 2/75 [centaur warrior/arrow (7)]
  9971 | Volcano  | Killed a centaur warrior
 10152 | Volcano  | Noticed a red draconian
 10193 | Volcano  | Killed a red draconian
 10386 | Lair:1   | Found a shimmering altar of Xom.
 10921 | Lair:2   | Received a gift from Okawaru
 10937 | Lair:2   | Reached skill level 5 in Shields
 10954 | Lair:2   | Slain by a komodo dragon

Skill      XL: |  1  2  3  4  5  6  7  8  9 10 11 12 |
---------------+-------------------------------------+-----
Fighting       | 4 5 6 7 8 9 |  9.6
Armour         | 4 5 6 8 9 11 | 11.2
Maces & Flails | 3 4 5 7 8 10 11 | 11.8
Dodging        | 1 4 6 8 |  8.7
Axes           | 2 |  2.3
Shields        | 5 |  5.1

Action                   |  1- 3 |  4- 6 |  7- 9 | 10-12 || total
-------------------------+-------+-------+-------+-------++-------
Melee: Flail             |   144 |   223 |   751 |   433 ||  1551
       Demon whip        |       |       |       |   463 ||   463
       Broad axe         |       |       |       |    11 ||    11
Invok: Heroism           |       |       |     1 |     1 ||     2
  Use: Scroll            |       |     3 |     5 |     9 ||    17
       Potion            |       |     1 |     2 |     7 ||    10
  Eat: Chunk             |       |     6 |     3 |    14 ||    23
       Ration            |       |       |     3 |     1 ||     4
Armor: Scale mail        |    65 |     1 |       |       ||    66
       Chain mail        |       |   190 |       |       ||   190
       Skin              |       |    25 |     1 |    26 ||    52
       Plate armour      |       |       |   543 |   578 ||  1121
Dodge: Dodged            |    33 |    44 |   150 |   295 ||   522
Block: Shield            |    69 |   128 |   384 |   374 ||   955
       Large shield      |       |       |       |   123 ||   123
